 Dungeon Crawl Stone Soup version 0.26-a0-712-ga5a9c9c9d0 (webtiles) character file.

Game seed: 9219250752768802067

170 kae the Changer (level 5, -2/44 HPs)
             Began as a Naga Transmuter on Nov 3, 2020.
             Slain by Purgy (3 damage)
             ... in a sewer.
             The game lasted 00:02:40 (3550 turns).

kae the Changer (Naga Transmuter)                   Turns: 3550, Time: 00:02:41

Health: -2/44      AC:  2    Str: 14    XL:     5   Next: 50%
Magic:  6/8        EV: 10    Int: 13    God:
Gold:   74         SH:  0    Dex: 11    Spells: 4/8 levels left

rFire    . . .     SeeInvis +     - Unarmed
rCold    . . .     Faith    .   (no shield)
rNeg     . . .     Spirit   .   a - +0 robe
rPois    +         Reflect  .   (no helmet)
rElec    .         Harm     .   (no cloak)
rCorr    .         Rampage  .   (no gloves)
MR       .....                  (no barding)
Stlth    +.........             (no amulet)
HPRegen  0.14/turn              (no ring)
MPRegen  0.11/turn              (no ring)

@: short of breath, very slow
A: large, see invisible, deformed body, poison resistance, slowness 2, spit
poison 1, AC +1
a: Spit Poison


You were in a sewer.
You visited 1 branch of the dungeon, and saw 3 of its levels.
You also visited: Sewer.

You collected 74 gold pieces.

Inventory:

Armour
 a - a +0 robe (worn)
Jewellery
 k - a +4 ring of evasion {unknown}
Scrolls
 g - a scroll of enchant weapon
 l - 2 scrolls of identify
 n - a scroll of noise {unknown}
 o - 2 scrolls of remove curse {unknown}
 p - a scroll of fog {unknown}
Potions
 b - a potion of flight
 c - 2 potions of magic {unknown}
 i - a potion of haste {unknown}
 m - 3 potions of curing {unknown}
 q - a potion of berserk rage {unknown}
 r - 2 potions of stabbing {unknown}


   Skills:
 - Level 1.0 Fighting
 - Level 1.5 Dodging
 + Level 4.1 Unarmed Combat
 - Level 2.0 Spellcasting
 * Level 4.7 Transmutations


You had 4 spell levels left.
You knew the following spells:

 Your Spells              Type           Power        Failure   Level
a - Beastly Appendage     Tmut           ##....       3%          1
b - Spider Form           Tmut/Pois      #.........   28%         3

Your spell library contained the following spells:

 Spells                   Type           Power        Failure   Level
 Wereblood                Tmut           ##......     5%          2
 Ice Form                 Ice/Tmut       #.......     67%         4
 Blade Hands              Tmut           ##........   71%         5


Dungeon Overview and Level Annotations

Branches:
Dungeon (3/15)              Sewer (1/1)

Altars:

Annotations:
Sewer Purgy


Innate Abilities, Weirdness & Mutations

You cannot wear boots.
Your serpentine skin is tough. (AC +1)
You have supernaturally acute eyesight. (SInv)
Armour fits poorly on your strangely shaped body.
Your system is resistant to poisons. (rPois)
You cover ground very slowly.
You can spit poison.


Message History

You hit Purgy.
Purgy looks as sick as possible!
Purgy is severely wounded.
Unknown command.
You hit Purgy.
Purgy is almost dead.
Purgy misses you. Purgy barely misses you. Purgy closely misses you.
Unknown command.
Press: ? - help, Shift-Dir - straight line, f - Purgy
Aim: Purgy (almost dead, extremely poisoned)
The splash of poison misses Purgy.
Purgy closely misses you. Purgy claws you.
* * * LOW HITPOINT WARNING * * *
Purgy closely misses you.
Unknown command.
You hit Purgy.
Purgy is almost dead.
Your transformation has ended.
Your +0 robe unmelds from your body.
Purgy looks around nervously.
Purgy closely misses you. Purgy claws you.
You die...

##≈≈≈≈≈####≈#≈≈≈
#≈≈≈≈≈≈≈≈≈≈≈≈≈≈≈≈≈#
#≈≈≈≈≈≈≈≈≈≈≈≈≈≈≈≈≈≈≈
##≈≈≈≈≈≈≈≈≈≈≈≈≈≈≈≈≈≈≈
##≈≈≈≈≈≈≈≈≈≈≈≈≈≈≈≈≈≈≈≈
##≈≈≈≈≈≈≈≈≈≈≈≈≈≈≈≈≈≈≈≈≈
#≈≈≈≈≈≈≈≈≈≈≈≈≈≈≈≈≈≈≈≈≈≈
##≈≈≈≈≈≈≈≈≈≈.≈≈≈≈≈≈≈≈≈≈≈
#≈≈≈≈≈≈≈≈≈≈≈≈##≈@≈≈≈≈≈≈≈≈
#≈≈≈≈≈≈≈≈≈≈.###.#T###.≈≈
≈≈≈≈≈≈≈≈≈≈.## ###≈#
≈≈≈≈≈≈≈≈≈≈## #≈#
≈≈≈≈≈≈≈≈≈.# #.#
≈≈≈≈≈≈≈≈≈.# #.#
≈≈≈≈≈≈≈≈.## #≈#
≈≈≈≈≈≈≈≈## #≈# ≈≈≈≈≈≈≈.#
?≈!


You could see Purgy (extremely poisoned).

Vanquished Creatures
  Terence (D:2)
  4 gnolls (D:2)
  2 adders (D:2)
  2 worms (D:2)
  A dart slug (D:1)
  4 leopard geckos
  2 ball pythons (Sewer)
  6 giant cockroaches
  7 goblins
  10 hobgoblins
  6 jackals
  A quokka (D:2)
  6 bats
  6 frilled lizards
  10 kobolds
  7 rats
75 creatures vanquished.

Notes
Turn   | Place    | Note
-------+----------+-------------------------------------------
     0 | D:1      | kae the Naga Transmuter began the quest for the Orb.
     0 | D:1      | Reached XP level 1. HP: 18/18 MP: 3/3
   155 | D:1      | Reached XP level 2. HP: 6/25 MP: 5/5
   854 | D:1      | Reached XP level 3. HP: 29/31 MP: 4/6
   859 | D:1      | Learned a level 3 spell: Spider Form
  1767 | D:2      | Reached XP level 4. HP: 12/38 MP: 4/7
  2779 | D:2      | Noticed Terence
  2787 | D:2      | Killed Terence
  2787 | D:2      | Reached XP level 5. HP: 44/44 MP: 3/8
  3410 | D:3      | Found a glowing drain.
  3446 | Sewer    | Entered a sewer
  3534 | Sewer    | Noticed Purgy
  3549 | Sewer    | HP: 1/44 [Purgy (3)]
  3550 | Sewer    | Slain by Purgy

Illustrated notes

Levels and vault maps discovered:
D:1:      dpeg_arrival_castle, layout_basic, serial_forest,
          infiniplex_forest_lined_3_way, infiniplex_forest_lined_3,
          infiniplex_forest_lined_3, infiniplex_forest_fountain,
          infiniplex_forest_side_room, minmay_quantized
D:2:      layout_loops_ring, uniq_terence
D:3:      layout_rooms, grunt_temple_overflow_open, gammafunk_ghost_grave,
          gup_sewer_entry_pipe, minivault_19
Sewer:    sewer_co_purgy_island

Skill      XL: |  1  2  3  4 |
---------------+-------------+-----
Transmutations | 3 4 |  4.7
Unarmed Combat | 4 |  4.1
Fighting       | |  1.0
Dodging        | |  1.5
Spellcasting   | |  2.0

Action                   |  1- 3 |  4- 6 || total
-------------------------+-------+-------++-------
Melee: Unarmed           |    82 |   116 ||   198
       Headbutt          |     7 |     6 ||    13
 Cast: Beastly Appendage |    19 |    22 ||    41
       Spider Form       |       |     7 ||     7
 Abil: Spit Poison       |    27 |    22 ||    49
  Use: Scroll            |       |     7 ||     7
Armor: Robe              |    24 |    15 ||    39
       Skin              |       |     2 ||     2
Dodge: Dodged            |    68 |    95 ||   163

Table legend: (Time is in decaauts)
 A = Elapsed time spent in this place.
 B = Non-inter-level travel time spent in this place.
 C = Inter-level travel time spent in this place.
 D = Time resting spent in this place.
 E = Time spent auto-exploring this place.
 F = Levels seen in this place.
 G = Mean time per level.
                   A        B        C        D        E       F      G
               +--------+--------+--------+--------+--------+-----+--------+
         Total |   4116 |   4032 |     84 |      0 |   3425 |   4 | 1029.0 |
       Dungeon |   3993 |   3909 |     84 |      0 |   3342 |   3 | 1331.0 |
         Sewer |    123 |    123 |      0 |      0 |     83 |   1 |  123.0 |
               +--------+--------+--------+--------+--------+-----+--------+

Top non-repeatable levels by time:
     D:2: 2007 daAuts
     D:1: 1900 daAuts
   Sewer: 123 daAuts
     D:3: 85 daAuts
